[Event "FICS rated standard game"]
[Site "FICS freechess.org"]
[FICSGamesDBGameNo "20002438"]
[White "PlaCCiD"]
[Black "BlueHeal"]
[WhiteElo "1717"]
[BlackElo "1512"]
[WhiteRD "na"]
[BlackRD "na"]
[TimeControl "900+0"]
[Date "1999.10.09"]
[Time "11:16:00"]
[WhiteClock "0:15:00.000"]
[BlackClock "0:15:00.000"]
[ECO "C50"]
[PlyCount "77"]
[Result "1-0"]

1. e4 e5 2. Nf3 Nc6 3. Bc4 h6 4. d4 exd4 5. Nxd4 Nxd4 6. Qxd4 c5 7. Qd3 a5 8. O-O d6 9. Nc3 Nf6 10. Nd5 Nxd5 11. Bxd5 Be7 12. Qg3 Ra7 13. Qxg7 Rf8 14. Bxh6 b6 15. Qh7 Ba6 16. Bxf8 Bxf1 17. Qxf7+ Kd7 18. Bxe7 Qxe7 19. Qxe7+ Kxe7 20. Rxf1 b5 21. c4 b4 22. b3 a4 23. f4 axb3 24. axb3 Ra3 25. Rf3 Kf6 26. g4 Ra1+ 27. Kg2 Ra2+ 28. Kg3 Ra1 29. Kh4 Rg1 30. g5+ Kg6 31. f5+ Kh7 32. Kh5 Rg2 33. h4 Rg1 34. f6 Rg4 35. Kxg4 Kh8 36. f7 Kh7 37. Rf6 Kg7 38. f8=Q+ Kh7 39. Rh6# {Black checkmated} 1-0

[Event "FICS rated lightning game"]
[Site "FICS freechess.org"]
[FICSGamesDBGameNo "20002437"]
[White "Emil"]
[Black "Lubi"]
[WhiteElo "1676"]
[BlackElo "1606"]
[WhiteRD "na"]
[BlackRD "na"]
[TimeControl "0+1"]
[Date "1999.10.09"]
[Time "11:16:00"]
[WhiteClock "0:10.000"]
[BlackClock "0:10.000"]
[ECO "B01"]
[PlyCount "51"]
[Result "1-0"]

1. e4 d5 2. exd5 Qxd5 3. Nc3 Qd8 4. Nf3 Nc6 5. d4 Bg4 6. Be2 g6 7. Ne5 Bxe2 8. Qxe2 Nxe5 9. Qxe5 f6 10. Qe3 Bg7 11. Ne2 Nh6 12. c3 Nf5 13. Qd2 O-O 14. O-O Nd6 15. Ng3 e5 16. dxe5 fxe5 17. Qe2 Nf5 18. Ne4 Qe7 19. Be3 b6 20. Rad1 Nxe3 21. fxe3 Rad8 22. Rxd8 Rxd8 23. Rd1 Rxd1+ 24. Qxd1 Kf7 25. Qe2 Qe6 26. Ng3 {Black forfeits on time} 1-0

[Event "FICS rated blitz game"]
[Site "FICS freechess.org"]
[FICSGamesDBGameNo "20002434"]
[White "jrjr"]
[Black "hpoli"]
[WhiteElo "1463"]
[BlackElo "1500"]
[WhiteRD "na"]
[BlackRD "na"]
[TimeControl "120+12"]
[Date "1999.10.09"]
[Time "11:15:00"]
[WhiteClock "0:02:00.000"]
[BlackClock "0:02:00.000"]
[ECO "B40"]
[PlyCount "115"]
[Result "1-0"]

1. e4 c5 2. Nf3 e6 3. d4 cxd4 4. Nxd4 Nf6 5. Nc3 Qb6 6. f3 Bc5 7. Nb3 Bf2+ 8. Ke2 Bc5 9. Nxc5 Qxc5 10. Be3 Qe7 11. Kf2 O-O 12. Bc4 Nc6 13. Bg5 h6 14. Bxf6 Qxf6 15. Bb3 Na5 16. Qd6 Nxb3 17. axb3 Re8 18. Ra4 Qe7 19. Qxe7 Rxe7 20. Nb5 a6 21. Nd6 g6 22. e5 Kg7 23. Rha1 f6 24. b4 fxe5 25. b5 Kf6 26. c3 Rh7 27. b6 h5 28. Rc4 Rh8 29. Rc7 Ke7 30. Nxc8+ Rhxc8 31. Rxb7 Rcb8 32. Rxb8 Rxb8 33. Rxa6 Rb7 34. c4 Kd6 35. Ke3 Kc5 36. Ra5+ Kxc4 37. Ra7 Rxb6 38. Rxd7 Rxb2 39. Rc7+ Kd5 40. Rd7+ Kc6 41. Rd2 Rxd2 42. Kxd2 Kd5 43. Ke3 g5 44. h3 h4 45. Kd3 Kc5 46. Ke4 Kd6 47. Kd3 Kd5 48. Ke3 Kc5 49. Ke4 Kd6 50. Kd3 Kd5 51. Ke3 Kc4 52. Ke4 Kc3 53. Kxe5 Kd3 54. Kxe6 Ke3 55. Kf5 Kf2 56. Kxg5 Kxg2 57. Kxh4 Kxf3 58. Kg5 {Black resigns} 1-0

[Event "FICS rated blitz game"]
[Site "FICS freechess.org"]
[FICSGamesDBGameNo "20002433"]
[White "babbo"]
[Black "Feonix"]
[WhiteElo "1436"]
[BlackElo "1434"]
[WhiteRD "na"]
[BlackRD "na"]
[TimeControl "300+0"]
[Date "1999.10.09"]
[Time "11:15:00"]
[WhiteClock "0:05:00.000"]
[BlackClock "0:05:00.000"]
[ECO "A02"]
[PlyCount "66"]
[Result "0-1"]

1. f4 e6 2. Nf3 d5 3. e3 Be7 4. b3 Nf6 5. Bb2 Nbd7 6. c4 b6 7. Bd3 Bb7 8. O-O Nc5 9. Bc2 h6 10. b4 Nce4 11. d3 Nd6 12. Ne5 O-O 13. b5 dxc4 14. dxc4 a6 15. Nc6 Bxc6 16. bxc6 Nxc4 17. Be5 Nxe3 18. Qe2 Nxf1 19. Kxf1 Bd6 20. Nc3 Bxe5 21. fxe5 Nd5 22. Qd3 g6 23. Ne4 Qh4 24. Kg1 Rfd8 25. Qf3 Qf4 26. Rf1 Qe3+ 27. Kh1 Qxf3 28. Rxf3 Rf8 29. Bb3 Rad8 30. h4 Kg7 31. g4 Nb4 32. Nf6 Nxc6 33. h5 Nxe5 {White forfeits on time} 0-1

[Event "FICS rated blitz game"]
[Site "FICS freechess.org"]
[FICSGamesDBGameNo "20002432"]
[White "Gabry"]
[Black "reinovsky"]
[WhiteElo "1383"]
[BlackElo "1425"]
[WhiteRD "na"]
[BlackRD "na"]
[TimeControl "180+5"]
[Date "1999.10.09"]
[Time "11:11:00"]
[WhiteClock "0:03:00.000"]
[BlackClock "0:03:00.000"]
[ECO "A70"]
[PlyCount "52"]
[Result "0-1"]

1. d4 Nf6 2. c4 c5 3. d5 e6 4. Nc3 exd5 5. cxd5 d6 6. e4 g6 7. Nf3 Bg7 8. Be3 O-O 9. Bd3 Re8 10. O-O c4 11. Bxc4 Nxe4 12. Nxe4 Rxe4 13. Bd3 Re8 14. Qd2 Nd7 15. Rfe1 Nc5 16. Bc4 Ne4 17. Qc1 Bg4 18. Be2 Rc8 19. Qd1 Bxf3 20. Bxf3 b6 21. Bd4 Qh4 22. g3 Nxg3 23. Bxg7 Nf5 24. Bc3 Qg5+ 25. Bg2 Nh4 26. Kf1 Qxg2# {White checkmated} 0-1

[Event "FICS rated blitz game"]
[Site "FICS freechess.org"]
[FICSGamesDBGameNo "20002431"]
[White "napr"]
[Black "Dropshot"]
[WhiteElo "1138"]
[BlackElo "1259"]
[WhiteRD "na"]
[BlackRD "na"]
[TimeControl "300+0"]
[Date "1999.10.09"]
[Time "11:10:00"]
[WhiteClock "0:05:00.000"]
[BlackClock "0:05:00.000"]
[ECO "C24"]
[PlyCount "119"]
[Result "1-0"]

1. e4 e5 2. Bc4 Nf6 3. d3 Bc5 4. h3 O-O 5. Qf3 a6 6. Ne2 d6 7. Ng3 Nbd7 8. Nh5 h6 9. g4 Nh7 10. h4 Kh8 11. g5 g6 12. Ng3 h5 13. Nxh5 gxh5 14. Qxh5 c6 15. Bxf7 Rxf7 16. Qxf7 Qf8 17. Qxf8+ Ndxf8 18. Nc3 Bg4 19. Rg1 Bh5 20. Bd2 Ne6 21. Ne2 Rf8 22. Rf1 Nf4 23. Nxf4 exf4 24. f3 d5 25. O-O-O Be3 26. Bxe3 fxe3 27. Rfe1 Bxf3 28. Rxe3 Bxd1 29. Kxd1 d4 30. Rg3 Rf4 31. h5 Nf8 32. g6 Rh4 33. g7+ Kg8 34. gxf8=Q+ Kxf8 35. e5 Rxh5 36. e6 Re5 37. Rf3+ Ke7 38. Rh3 b5 39. Rh6 Rxe6 40. Rxe6+ Kxe6 41. Kd2 c5 42. c3 Kd5 43. cxd4 Kxd4 44. Kc2 a5 45. b3 a4 46. bxa4 bxa4 47. a3 Ke3 48. Kc3 Ke2 49. Kc4 Kd2 50. Kxc5 Kxd3 51. Kb4 Kd4 52. Kxa4 Kc4 53. Ka5 Kc5 54. a4 Kc6 55. Ka6 Kc7 56. a5 Kc6 57. Ka7 Kb5 58. a6 Kc6 59. Kb8 Kb6 60. a7 {Black resigns} 1-0

[Event "FICS rated blitz game"]
[Site "FICS freechess.org"]
[FICSGamesDBGameNo "20002430"]
[White "Torpedol"]
[Black "mkelem"]
[WhiteElo "1692"]
[BlackElo "1720"]
[WhiteRD "na"]
[BlackRD "na"]
[TimeControl "180+0"]
[Date "1999.10.09"]
[Time "09:32:00"]
[WhiteClock "0:03:00.000"]
[BlackClock "0:03:00.000"]
[ECO "C00"]
[PlyCount "91"]
[Result "1-0"]

1. e4 e6 2. Qe2 Ne7 3. d3 Nbc6 4. c3 e5 5. Nf3 Ng6 6. g3 Be7 7. Bg2 O-O 8. O-O d6 9. Bd2 Bg4 10. h3 Be6 11. Na3 Qd7 12. Kh2 f6 13. Nc2 f5 14. exf5 Bxf5 15. Ne3 Be6 16. h4 Rae8 17. Rh1 h5 18. Kg1 Bg4 19. Nxg4 Qxg4 20. Bg5 Bxg5 21. hxg5 e4 22. dxe4 Rxe4 23. Qd1 Rfe8 24. Qd5+ Qe6 25. Qxe6+ R4xe6 26. Rxh5 Kf7 27. Nh4 Nxh4 28. gxh4 Re2 29. Bd5+ Kg6 30. Bf3 Re1+ 31. Rxe1 Rxe1+ 32. Kg2 Ne5 33. Rh8 Nxf3 34. Kxf3 Rb1 35. Kf4 Rxb2 36. h5+ Kf7 37. g6+ Ke7 38. h6 Rxf2+ 39. Kg3 Rf6 40. h7 Rxg6+ 41. Kf4 Rh6 42. Kg5 Kf7 43. a3 Rg6+ 44. Kf5 Rf6+ 45. Ke4 Rh6 46. a4 {Black forfeits on time} 1-0

[Event "FICS rated blitz game"]
[Site "FICS freechess.org"]
[FICSGamesDBGameNo "20002429"]
[White "franky"]
[Black "hasank"]
[WhiteElo "1750"]
[BlackElo "1762"]
[WhiteRD "na"]
[BlackRD "na"]
[TimeControl "180+0"]
[Date "1999.10.09"]
[Time "09:05:00"]
[WhiteClock "0:03:00.000"]
[BlackClock "0:03:00.000"]
[ECO "C89"]
[PlyCount "112"]
[Result "0-1"]

1. e4 e5 2. Nf3 Nc6 3. Bb5 Nf6 4. O-O a6 5. Ba4 Be7 6. Re1 b5 7. Bb3 O-O 8. c3 d5 9. d3 dxe4 10. dxe4 Qxd1 11. Bxd1 Bg4 12. Nbd2 Rad8 13. Bc2 Rd7 14. a4 Rfd8 15. axb5 axb5 16. Ra6 Nb8 17. Ra7 Bc5 18. Rb7 Bxf3 19. Nxf3 Ng4 20. Be3 Nxe3 21. fxe3 c6 22. Rxd7 Nxd7 23. Rd1 Be7 24. Kf1 Kf8 25. Ke2 Ke8 26. Bb3 f6 27. Ra1 Nc5 28. Bc2 Kf7 29. Ra7 Rd7 30. Rxd7 Nxd7 31. Bb3+ Ke8 32. Bc2 Nc5 33. b4 Ne6 34. Nd2 Kd7 35. Bb3 Bd8 36. Bxe6+ Kxe6 37. g4 Bb6 38. Kd3 Kf7 39. c4 Kg6 40. c5 Bc7 41. Ke2 Kg5 42. Kf3 h5 43. gxh5 Kxh5 44. Kg3 g6 45. Nf3 f5 46. Nd2 f4+ 47. exf4 exf4+ 48. Kf3 Kh4 49. Nf1 Kh3 50. Kf2 g5 51. Nd2 g4 52. Kg1 g3 53. hxg3 fxg3 54. Nf3 Bf4 55. Nd2 g2 56. Nf3 Be3# {White checkmated} 0-1

[Event "FICS rated blitz game"]
[Site "FICS freechess.org"]
[FICSGamesDBGameNo "20002428"]
[White "Motik"]
[Black "brainteeze"]
[WhiteElo "1234"]
[BlackElo "1205"]
[WhiteRD "na"]
[BlackRD "na"]
[TimeControl "120+12"]
[Date "1999.10.09"]
[Time "08:54:00"]
[WhiteClock "0:02:00.000"]
[BlackClock "0:02:00.000"]
[ECO "C40"]
[PlyCount "51"]
[Result "1-0"]

1. e4 e5 2. Nf3 Qf6 3. Nc3 Bc5 4. Nd5 Qd6 5. Bc4 c6 6. Nc3 h6 7. O-O Nf6 8. a3 Ng4 9. b4 Bxf2+ 10. Rxf2 Nxf2 11. Kxf2 Qf6 12. Bb2 d6 13. Ne2 g5 14. Kg1 Bh3 15. d4 g4 16. dxe5 dxe5 17. Nxe5 Rg8 18. Bxf7+ Kf8 19. Bxg8 Kxg8 20. Rb1 Qg5 21. Ng3 Qe3+ 22. Kh1 Na6 23. gxh3 gxh3 24. Qg4+ Kh8 25. Nf7+ Kh7 26. Qg7# {Black checkmated} 1-0

[Event "FICS rated blitz game"]
[Site "FICS freechess.org"]
[FICSGamesDBGameNo "20002427"]
[White "dennisarose"]
[Black "drbala"]
[WhiteElo "1373"]
[BlackElo "901"]
[WhiteRD "na"]
[BlackRD "na"]
[TimeControl "300+0"]
[Date "1999.10.09"]
[Time "05:51:00"]
[WhiteClock "0:05:00.000"]
[BlackClock "0:05:00.000"]
[ECO "C31"]
[PlyCount "61"]
[Result "1-0"]

1. e4 e5 2. f4 d5 3. exd5 Qxd5 4. fxe5 Qxe5+ 5. Qe2 Qe6 6. Nf3 Be7 7. d4 Qxe2+ 8. Bxe2 Nf6 9. Bg5 O-O 10. c3 Re8 11. O-O Nc6 12. Bb5 a6 13. Ba4 b5 14. Bb3 a5 15. a3 a4 16. Ba2 Nd8 17. Nbd2 Be6 18. Bxe6 Nxe6 19. Rae1 Nd5 20. Bxe7 Rxe7 21. Ne5 Nef4 22. g3 Ng6 23. Nc6 Re6 24. Rxe6 fxe6 25. Re1 Re8 26. Na7 e5 27. Nxb5 c6 28. c4 Nde7 29. Nd6 exd4 30. Nxe8 Kf7 31. Nd6+ {Black forfeits on time} 1-0

[Event "FICS rated blitz game"]
[Site "FICS freechess.org"]
[FICSGamesDBGameNo "20002426"]
[White "deathbird"]
[Black "tenlittle"]
[WhiteElo "1069"]
[BlackElo "936"]
[WhiteRD "na"]
[BlackRD "na"]
[TimeControl "600+2"]
[Date "1999.10.09"]
[Time "04:54:00"]
[WhiteClock "0:10:00.000"]
[BlackClock "0:10:00.000"]
[ECO "A40"]
[PlyCount "84"]
[Result "0-1"]

1. d4 e6 2. Bf4 Nc6 3. Nf3 g6 4. Nc3 Bg7 5. Nb5 d6 6. e4 a6 7. d5 exd5 8. exd5 Qf6 9. c3 axb5 10. g3 Ne5 11. Bxb5+ Bd7 12. Bxe5 dxe5 13. Bxd7+ Kxd7 14. O-O e4 15. Nd4 Qb6 16. b4 Bxd4 17. cxd4 Nf6 18. a3 Nxd5 19. Qg4+ Qe6 20. Qxe6+ fxe6 21. Rfe1 Nf6 22. g4 g5 23. h3 Kd6 24. Rac1 Rxa3 25. h4 gxh4 26. g5 Rg8 27. Rc5 Nd5 28. Rxe4 Rxg5+ 29. Kf1 Rc3 30. Rxc3 Nxc3 31. Rxh4 Rg7 32. Ke1 Nd5 33. Kd2 Nxb4 34. Kc3 Nc6 35. Kd3 e5 36. dxe5+ Nxe5+ 37. Kc3 Rg4 38. Rxh7 Rc4+ 39. Kd2 b5 40. Rh6+ Kd5 41. Ke3 c5 42. f4 Ng4+ {White resigns} 0-1

[Event "FICS rated blitz game"]
[Site "FICS freechess.org"]
[FICSGamesDBGameNo "20002425"]
[White "arnakovitch"]
[Black "Alyoshapavlovich"]
[WhiteElo "1573"]
[BlackElo "1368"]
[WhiteRD "na"]
[BlackRD "na"]
[TimeControl "300+0"]
[Date "1999.10.09"]
[Time "04:01:00"]
[WhiteClock "0:05:00.000"]
[BlackClock "0:05:00.000"]
[ECO "D24"]
[PlyCount "46"]
[Result "0-1"]

1. d4 d5 2. c4 c6 3. Nf3 Nf6 4. Nc3 dxc4 5. e4 b5 6. e5 Nd5 7. a4 a6 8. axb5 cxb5 9. Nxb5 e6 10. Nc3 Bb4 11. Bd2 Bxc3 12. Bxc3 Qc7 13. Be2 O-O 14. O-O Bd7 15. Qc2 Bb5 16. Ng5 g6 17. Qe4 Ne7 18. Qh4 h5 19. Bxh5 Nf5 20. Qh3 gxh5 21. Qxh5 f6 22. Nxe6 Qh7 23. Qxf5 Qxf5 {White resigns} 0-1

[Event "FICS rated blitz game"]
[Site "FICS freechess.org"]
[FICSGamesDBGameNo "20002424"]
[White "incagm"]
[Black "MupMup"]
[WhiteElo "1279"]
[BlackElo "1328"]
[WhiteRD "na"]
[BlackRD "na"]
[TimeControl "360+5"]
[Date "1999.10.09"]
[Time "03:28:00"]
[WhiteClock "0:06:00.000"]
[BlackClock "0:06:00.000"]
[ECO "A00"]
[PlyCount "43"]
[Result "0-1"]

1. a3 e5 2. c4 Nf6 3. d3 Nc6 4. Nd2 Be7 5. e3 O-O 6. Ngf3 d5 7. cxd5 Nxd5 8. b4 Be6 9. Bb2 f5 10. Nxe5 Nxe5 11. Bxe5 Bd6 12. Bxd6 Qxd6 13. Be2 f4 14. O-O fxe3 15. fxe3 Nxe3 16. Rxf8+ Rxf8 17. Qe1 Bd5 18. Bf3 Nc2 19. Bxd5+ Qxd5 20. Qb1 Nxa1 21. Qxa1 Qxd3 22. Nf3 {White resigns} 0-1

[Event "FICS rated standard game"]
[Site "FICS freechess.org"]
[FICSGamesDBGameNo "20002422"]
[White "WHField"]
[Black "mjzz"]
[WhiteElo "1480"]
[BlackElo "1542"]
[WhiteRD "na"]
[BlackRD "na"]
[TimeControl "600+10"]
[Date "1999.10.08"]
[Time "21:01:00"]
[WhiteClock "0:10:00.000"]
[BlackClock "0:10:00.000"]
[ECO "C48"]
[PlyCount "99"]
[Result "1-0"]

1. e4 e5 2. Nf3 Nc6 3. Bb5 Bc5 4. O-O Nf6 5. Nc3 O-O 6. d3 Nd4 7. Nxe5 Nxb5 8. Nxb5 d6 9. Nc4 d5 10. exd5 Qxd5 11. Nc3 Qc6 12. Be3 Ng4 13. Ne4 Nxe3 14. Nxe3 Qb6 15. Nc4 Qb5 16. Qf3 Be6 17. b3 Bd4 18. c3 Bc5 19. Nxc5 Qxc5 20. Qxb7 Bd5 21. Qb4 Qc6 22. Ne3 Be6 23. c4 Rfd8 24. Qc3 Rd7 25. d4 Rad8 26. d5 Bxd5 27. Nxd5 Rxd5 28. Qe3 Rd3 29. Qxa7 Qd7 30. h3 Qc6 31. Rae1 Qg6 32. Re3 R3d7 33. Qa4 h6 34. Re8+ Rxe8 35. Qxd7 Rf8 36. Qxc7 Qc2 37. Qa5 Qb2 38. Qa4 Rd8 39. b4 Rd3 40. Qe8+ Kh7 41. Qe4+ g6 42. Qxd3 Qxb4 43. Qd5 Qe7 44. a4 Kg7 45. c5 Qa7 46. Qd4+ Kh7 47. Qb4 Kg7 48. a5 Kf8 49. c6+ Ke8 50. Qb6 {Black resigns} 1-0

[Event "FICS rated blitz game"]
[Site "FICS freechess.org"]
[FICSGamesDBGameNo "20002421"]
[White "MrBoston"]
[Black "Satriani"]
[WhiteElo "1508"]
[BlackElo "1442"]
[WhiteRD "na"]
[BlackRD "na"]
[TimeControl "180+0"]
[Date "1999.10.08"]
[Time "20:23:00"]
[WhiteClock "0:03:00.000"]
[BlackClock "0:03:00.000"]
[ECO "A47"]
[PlyCount "100"]
[Result "0-1"]

1. d4 Nf6 2. Nf3 b6 3. Bg5 Bb7 4. Nbd2 h6 5. Bh4 e6 6. e3 Be7 7. Bd3 O-O 8. O-O d6 9. c3 Nbd7 10. a3 e5 11. Bxf6 Bxf6 12. Qb3 Re8 13. dxe5 Nxe5 14. Nxe5 Bxe5 15. Bg6 d5 16. Bh5 Qh4 17. Bxf7+ Kxf7 18. g3 Qf6 19. Rad1 Kg8 20. f4 Bd6 21. Nf3 Kh8 22. Nd4 c5 23. Nf3 Ba6 24. Rfe1 Bc4 25. Qc2 Rad8 26. b3 Ba6 27. Rxd5 Bb7 28. Rxd6 Rxd6 29. Ne5 Rxe5 30. fxe5 Qxe5 31. c4 Be4 32. Qf2 Rd3 33. Qf4 Qe7 34. Qb8+ Kh7 35. Qf4 Rxb3 36. Rc1 Rxa3 37. Kf2 Ra2+ 38. Kg1 Rg2+ 39. Kf1 Rxh2 40. Re1 Rh1+ 41. Ke2 Rxe1+ 42. Kxe1 a5 43. Kd2 a4 44. Kc3 Qf6+ 45. Qxf6 gxf6 46. Kb2 Bd3 47. Ka3 Bxc4 48. Kxa4 b5+ 49. Ka3 f5 50. e4 b4+ {White forfeits on time} 0-1

[Event "FICS rated blitz game"]
[Site "FICS freechess.org"]
[FICSGamesDBGameNo "20002420"]
[White "Esteban"]
[Black "Doughhead"]
[WhiteElo "1744"]
[BlackElo "1864"]
[WhiteRD "na"]
[BlackRD "na"]
[TimeControl "180+0"]
[Date "1999.10.08"]
[Time "20:07:00"]
[WhiteClock "0:03:00.000"]
[BlackClock "0:03:00.000"]
[ECO "B40"]
[PlyCount "78"]
[Result "0-1"]

1. e4 c5 2. Nf3 e6 3. d4 cxd4 4. Nxd4 Nf6 5. Nc3 Bb4 6. Bd3 e5 7. Nb5 a6 8. a3 Be7 9. Nd5 axb5 10. Bxb5 Qa5+ 11. Nc3 Nxe4 12. Bd3 Nxc3 13. bxc3 Nc6 14. Bd2 O-O 15. O-O d5 16. c4 Qd8 17. cxd5 Qxd5 18. Bg5 Qe6 19. Qh5 e4 20. Bxe7 Qxe7 21. Rfe1 g6 22. Qd5 Ra5 23. Qxe4 Qxe4 24. Bxe4 Be6 25. Reb1 Re5 26. Bf3 Nd4 27. Bxb7 Nxc2 28. Rc1 Nxa1 29. Rxa1 Re2 30. Bf3 Rb2 31. a4 Rd8 32. a5 Rd7 33. a6 Ra7 34. g3 Bc4 35. h4 Rxa6 36. Rc1 Be6 37. Rc7 Raa2 38. Re7 Rxf2 39. Bb7 Rfb2 {White forfeits on time} 0-1

[Event "FICS rated lightning game"]
[Site "FICS freechess.org"]
[FICSGamesDBGameNo "20002418"]
[White "hardov"]
[Black "Jaque"]
[WhiteElo "1276"]
[BlackElo "1956"]
[WhiteRD "na"]
[BlackRD "na"]
[TimeControl "60+0"]
[Date "1999.10.08"]
[Time "18:09:00"]
[WhiteClock "0:01:00.000"]
[BlackClock "0:01:00.000"]
[ECO "B02"]
[PlyCount "38"]
[Result "0-1"]

1. e4 d5 2. exd5 Nf6 3. Nc3 e5 4. dxe6 Bxe6 5. Qe2 Bd6 6. Nf3 O-O 7. Nh4 Re8 8. g3 Bc4 9. d3 Rxe2+ 10. Bxe2 Be6 11. f4 Nc6 12. Be3 Bh3 13. O-O-O Qe7 14. Bd2 Re8 15. Rhe1 Qd7 16. Bf3 Nd4 17. Rxe8+ Nxe8 18. Bxb7 Bg4 19. Re1 Nf6 {White forfeits on time} 0-1

[Event "FICS rated lightning game"]
[Site "FICS freechess.org"]
[FICSGamesDBGameNo "20002417"]
[White "Spader"]
[Black "trick"]
[WhiteElo "1217"]
[BlackElo "1609"]
[WhiteRD "na"]
[BlackRD "na"]
[TimeControl "60+2"]
[Date "1999.10.08"]
[Time "18:06:00"]
[WhiteClock "0:01:00.000"]
[BlackClock "0:01:00.000"]
[ECO "D10"]
[PlyCount "21"]
[Result "1-0"]

1. d4 d5 2. c4 c6 3. cxd5 cxd5 4. e3 Nf6 5. Nc3 Bf5 6. Bb5+ Nc6 7. Nf3 e6 8. Ne5 Ke7 9. Bxc6 Ne4 10. Bxb7 Rb8 11. Nc6+ {Black resigns} 1-0

[Event "FICS rated blitz game"]
[Site "FICS freechess.org"]
[FICSGamesDBGameNo "20002416"]
[White "MajGreg"]
[Black "AaPe"]
[WhiteElo "1293"]
[BlackElo "1262"]
[WhiteRD "na"]
[BlackRD "na"]
[TimeControl "120+9"]
[Date "1999.10.08"]
[Time "18:04:00"]
[WhiteClock "0:02:00.000"]
[BlackClock "0:02:00.000"]
[ECO "B30"]
[PlyCount "144"]
[Result "0-1"]

1. e4 c5 2. Nf3 Nc6 3. c4 d6 4. d4 cxd4 5. Nxd4 Nf6 6. Nc3 Qb6 7. Qa4 Qxd4 8. Be3 Qe5 9. f4 Qa5 10. e5 dxe5 11. fxe5 Qxa4 12. Nxa4 Nxe5 13. O-O-O Bg4 14. Rd4 Rc8 15. c5 e6 16. Bb5+ Nc6 17. h3 Bf5 18. Rhd1 a6 19. Bxc6+ bxc6 20. Nb6 Rb8 21. Bf4 Bxc5 22. Bxb8 Bxd4 23. Rxd4 O-O 24. Be5 Nd5 25. Nxd5 cxd5 26. g4 Rc8+ 27. Kd2 Rc2+ 28. Ke3 Be4 29. Ra4 f6 30. Bd6 Rxb2 31. Rxa6 Rb1 32. Ra8+ Kf7 33. a4 Rb3+ 34. Kd4 Rxh3 35. a5 Rd3+ 36. Kc5 Rc3+ 37. Kd4 Rc4+ 38. Ke3 Bh1 39. Kd3 Rc6 40. Rd8 Ra6 41. Bc7 e5 42. Kc3 d4+ 43. Kb4 Bc6 44. Rd6 Kg6 45. Kc5 Rxa5+ 46. Kxc6 Ra1 47. Kd5 Rg1 48. Rd8 Rxg4 49. Bd6 Kf5 50. Bf8 g5 51. Bg7 h5 52. Rf8 Kf4 53. Bxf6 Ke3 54. Bxe5 h4 55. Rh8 Rg1 56. Bf6 d3 57. Re8+ Kd2 58. Rg8 g4 59. Bxh4 Kc2 60. Bg5 d2 61. Rc8+ Kd3 62. Ke5 d1=Q 63. Rd8+ Ke2 64. Rxd1 Kxd1 65. Kf4 Ke2 66. Bh4 Kf1 67. Bg3 Ke2 68. Kxg4 Ke3 69. Kh4 Kf3 70. Bb8 Rg4+ 71. Kh3 Rg8 72. Kh4 Rxb8 {White resigns} 0-1

[Event "FICS rated blitz game"]
[Site "FICS freechess.org"]
[FICSGamesDBGameNo "20002415"]
[White "wnc"]
[Black "peepBlue"]
[WhiteElo "1410"]
[BlackElo "1412"]
[WhiteRD "na"]
[BlackRD "na"]
[TimeControl "300+0"]
[Date "1999.10.08"]
[Time "16:19:00"]
[WhiteClock "0:05:00.000"]
[BlackClock "0:05:00.000"]
[ECO "B17"]
[PlyCount "28"]
[Result "0-1"]

1. e4 c6 2. d4 d5 3. Nc3 dxe4 4. Nxe4 Nd7 5. Nf3 Ngf6 6. Bd3 Nxe4 7. Bxe4 Nf6 8. Qd3 Nxe4 9. Qxe4 g6 10. O-O Bg7 11. c3 Bf5 12. Qe3 O-O 13. Re1 e6 14. Nh4 Qxh4 {White resigns} 0-1

[Event "FICS rated lightning game"]
[Site "FICS freechess.org"]
[FICSGamesDBGameNo "20002414"]
[White "SpareUs"]
[Black "flojo"]
[WhiteElo "1630"]
[BlackElo "1680"]
[WhiteRD "na"]
[BlackRD "na"]
[TimeControl "120+1"]
[Date "1999.10.08"]
[Time "16:01:00"]
[WhiteClock "0:02:00.000"]
[BlackClock "0:02:00.000"]
[ECO "A08"]
[PlyCount "70"]
[Result "1-0"]

1. Nf3 d5 2. g3 c5 3. Bg2 Nc6 4. d3 e5 5. O-O Nf6 6. Nbd2 Be7 7. e4 d4 8. a4 O-O 9. Nc4 Qc7 10. Ne1 Bg4 11. f3 Be6 12. f4 Bxc4 13. dxc4 Rad8 14. Nd3 Rfe8 15. fxe5 Nxe5 16. Bf4 Nfd7 17. Qh5 g6 18. Bxe5 Nxe5 19. Qxe5 Bd6 20. Qf6 Re6 21. Qf2 Rf8 22. e5 Be7 23. Rad1 Bg5 24. Qf3 b6 25. Kh1 Be3 26. Nf2 f6 27. Ng4 Bg5 28. exf6 Bxf6 29. Nxf6+ Rexf6 30. Qd3 Qg7 31. Rxf6 Rxf6 32. Rf1 Rf8 33. Bd5+ Kh8 34. Rxf8+ Qxf8 35. Qe2 h6 {Black forfeits on time} 1-0

[Event "FICS rated blitz game"]
[Site "FICS freechess.org"]
[FICSGamesDBGameNo "20002413"]
[White "gawk"]
[Black "Chagoyo"]
[WhiteElo "1674"]
[BlackElo "1846"]
[WhiteRD "na"]
[BlackRD "na"]
[TimeControl "180+0"]
[Date "1999.10.08"]
[Time "15:47:00"]
[WhiteClock "0:03:00.000"]
[BlackClock "0:03:00.000"]
[ECO "B98"]
[PlyCount "77"]
[Result "1-0"]

1. e4 c5 2. Nf3 d6 3. d4 cxd4 4. Nxd4 Nf6 5. Nc3 a6 6. Bg5 e6 7. f4 Be7 8. Qf3 Qc7 9. O-O-O Bd7 10. Bd3 Nc6 11. Nxc6 Bxc6 12. Rhe1 O-O 13. Qg3 Rfe8 14. e5 Nd5 15. Nxd5 Bxd5 16. Qh4 g6 17. Bf6 Qd8 18. Re3 dxe5 19. fxe5 Bxg2 20. Bxg6 Qxd1+ 21. Kxd1 fxg6 22. Qh6 Bf8 23. Qg5 Bd5 24. h4 Kf7 25. Rg3 Bc5 26. Qh6 Rg8 27. Qxh7+ Ke8 28. Qxg8+ Kd7 29. Qf7+ Kc6 30. Rxg6 Bf3+ 31. Kc1 Be3+ 32. Kb1 Bd5 33. Rg8 Rxg8 34. Qxg8 b5 35. h5 a5 36. Qc8+ Kb6 37. Bd8+ Ka7 38. Qd7+ Ka8 39. Bxa5 {Black forfeits on time} 1-0

[Event "FICS rated blitz game"]
[Site "FICS freechess.org"]
[FICSGamesDBGameNo "20002412"]
[White "stagolee"]
[Black "Alyoshapavlovich"]
[WhiteElo "1485"]
[BlackElo "1372"]
[WhiteRD "na"]
[BlackRD "na"]
[TimeControl "240+0"]
[Date "1999.10.08"]
[Time "15:03:00"]
[WhiteClock "0:04:00.000"]
[BlackClock "0:04:00.000"]
[ECO "B21"]
[PlyCount "84"]
[Result "0-1"]

1. e4 c5 2. f4 b6 3. Nf3 Bb7 4. Nc3 Nc6 5. d4 cxd4 6. Nxd4 Rc8 7. Bb5 e6 8. O-O Bc5 9. Bxc6 dxc6 10. Be3 Nf6 11. Kh1 O-O 12. e5 Nd5 13. Nxd5 cxd5 14. Qg4 Bxd4 15. Bxd4 Rxc2 16. Rf3 Qc8 17. h4 Rc1+ 18. Rxc1 Qxc1+ 19. Kh2 Qc2 20. Rg3 Qg6 21. Qf3 Qe4 22. Qc3 Rc8 23. Qe3 Qxe3 24. Bxe3 Rc2 25. Bd4 Rd2 26. Bc3 Re2 27. Bd4 Rd2 28. Bc3 Rf2 29. Bd4 Rxf4 30. Rd3 Rxh4+ 31. Kg3 Re4 32. Kf3 h5 33. Bc3 h4 34. Rd1 Kh7 35. b3 g5 36. Rh1 Kg6 37. g3 g4+ 38. Kf2 h3 39. Bb2 d4 40. a4 Rxe5 41. Bxd4 Rf5+ 42. Ke3 Bxh1 {White forfeits on time} 0-1

[Event "FICS rated blitz game"]
[Site "FICS freechess.org"]
[FICSGamesDBGameNo "20002411"]
[White "promoman"]
[Black "Fedek"]
[WhiteElo "1706"]
[BlackElo "1661"]
[WhiteRD "na"]
[BlackRD "na"]
[TimeControl "180+0"]
[Date "1999.10.08"]
[Time "15:03:00"]
[WhiteClock "0:03:00.000"]
[BlackClock "0:03:00.000"]
[ECO "C45"]
[PlyCount "109"]
[Result "1-0"]

1. e4 e5 2. Nf3 Nc6 3. d4 exd4 4. Nxd4 Nxd4 5. Qxd4 Qf6 6. c3 d6 7. Nd2 Qxd4 8. cxd4 Nf6 9. Bd3 Be7 10. O-O O-O 11. Nf3 Bg4 12. Re1 Bxf3 13. gxf3 Rae8 14. f4 Nd7 15. f3 Bh4 16. Re2 Re6 17. Rg2 Rfe8 18. f5 R6e7 19. Rg4 Bf6 20. Be3 c5 21. d5 Ne5 22. Be2 Nxg4 23. fxg4 Bd4 24. Bxd4 cxd4 25. Bd3 Rc7 26. Kf2 Rec8 27. Rd1 Rc1 28. Rd2 Kf8 29. Kf3 Ke7 30. Kf4 h6 31. h4 f6 32. h5 Rg1 33. Kf3 Rcc1 34. Kf4 Rh1 35. Kf3 Ra1 36. a3 Rh3+ 37. Ke2 Re3+ 38. Kf2 Rh1 39. Kg2 Rhe1 40. Kf2 Rh1 41. Kg2 Rhh3 42. Be2 Rhg3+ 43. Kf2 Rh3 44. Rxd4 Rxe2+ 45. Kxe2 Rh2+ 46. Ke3 Rxb2 47. Rb4 b6 48. Rxb2 Kd7 49. Rc2 a5 50. Kd4 Ke7 51. Rc6 b5 52. Rb6 b4 53. a4 b3 54. Rxb3 Kd7 55. Rb5 {Black resigns} 1-0